 Dungeon Crawl Stone Soup version 0.31.0-32-g396128a36d (webtiles) character file.

Game seed: 1771331952611292823

3129 Minsecho the Cudgeller (level 10, 0/76 HPs)
             Began as a Formicid Fighter on Mar 13, 2024.
             Was a Priest of Lugonu.
             Slain by Erica
             ... wielding a +3 scimitar of flaming
              (6 damage)
             ... on level 9 of the Dungeon.
             The game lasted 00:09:41 (6256 turns).

Minsecho the Cudgeller (Formicid Fighter)           Turns: 6256, Time: 00:09:42

Health: 0/76       AC: 10    Str: 32    XL:     10   Next: 14%
Magic:  14/14      EV:  8    Int:  7    God:    Lugonu [***...]
Gold:   456        SH:  5    Dex: 13    Spells: 9/9 levels left

rFire   . . .        k - +9 hammer of Laceration {venom, Str+6}
rCold   . . .        c - +0 buckler
rNeg    + . .        b - +0 scale mail
rPois   .            (helmet unavailable)
rElec   .            l - +0 cloak
rCorr   .            s - +0 pair of gloves
SInv    +            (no boots)
Will    +....        (no amulet) Stlth
                     h - ring of positive energy
HPRegen 0.32/turn    (no ring)
MPRegen 0.14/turn

%: no passive effects
@: lethally poisoned (0 -> -7), constricted
A: permanent stasis, dig shafts and tunnels, antennae 3, four strong arms
a: Dig, Shaft Self, Renounce Religion, Depart the Abyss, Banish


You were on level 9 of the Dungeon.
You worshipped Lugonu.
Lugonu was most pleased with you.
You visited 2 branches of the dungeon, and saw 9 of its levels.

You collected 456 gold pieces.

Inventory:

Hand Weapons
 a - a +0 flail
 k - the +9 hammer of Laceration (weapon) {venom, Str+6}
   (You found it on level 2 of the Dungeon)

   Str+6:     It affects your strength (+6).
Armour
 b - a +0 scale mail (worn)
 c - a +0 buckler (worn)
 l - a +0 cloak (worn)
 s - a +0 pair of gloves (worn)
Jewellery
 h - a ring of positive energy (left hand)
 v - an amulet of regeneration
Wands
 p - a wand of flame (38) (quivered)
Scrolls
 f - 5 scrolls of teleportation {unknown}
 m - a scroll of poison
 o - 2 scrolls of amnesia {unknown}
 q - a scroll of enchant armour {unknown}
 t - a scroll of revelation {unknown}
 u - a scroll of brand weapon {unknown}
 w - a scroll of enchant weapon {unknown}
 y - a scroll of noise {unknown}
Potions
 g - 3 potions of curing {unknown}
 i - 2 potions of haste
 j - 3 potions of brilliance
 n - 2 potions of resistance {unknown}
 r - a potion of degeneration {unknown}
 x - a potion of mutation {unknown}
 z - a potion of enlightenment {unknown}


   Skills:
 + Level 6.0 Fighting
 + Level 7.9 Maces & Flails
 + Level 7.6 Armour
 + Level 3.2 Dodging
 + Level 1.7 Stealth
 + Level 6.8 Shields
 * Level 5.9 Invocations
 + Level 1.3 Evocations


You had 9 spell levels left.
You didn't know any spells.
Your spell library contained the following spells:

 Spells                   Type           Power      Damage    Failure   Level
 Call Imp                 Summ           0%         N/A       82%         2
 Ensorcelled Hibernation  Hex/Ice        0%         N/A       82%         2
 Jinxbite                 Hex            0%         N/A       82%         2
 Sublimation of Blood     Necr           0%         N/A       82%         2
 Call Canine Familiar     Summ           0%         N/A       96%         3
 Hailstorm                Conj/Ice       0%         3d5       96%         3
 Passwall                 Erth           0%         N/A       96%         3
 Sigil of Binding         Hex            0%         N/A       96%         3
 Summon Ice Beast         Ice/Summ       0%         N/A       96%         3
 Tukima's Dance           Hex            0%         N/A       96%         3
 Dimensional Bullseye     Hex/Tloc       0%         N/A       100%        4
 Passage of Golubria      Tloc           0%         N/A       100%        4
 Yara's Violent Unravell  Hex/Alch       0%         3d3       100%        5
 Sculpt Simulacrum        Ice/Alch       0%         N/A       100%        6
 Enfeeble                 Hex            0%         N/A       100%        7
 Summon Hydra             Summ           0%         N/A       100%        7
 Swiftness                Air            Unusable   N/A       N/A         3

Dungeon Overview and Level Annotations

Branches:
Dungeon (7/15)             Temple (1/1) D:5

Altars:
Ashenzari
Cheibriados
Dithmenos
Elyvilon
Gozag
Hepliaklqana
Kikubaaqudgha
Makhleb
Nemelex Xobeh
Okawaru
Qazlal
Ru
Sif Muna
Trog
Uskayaw
Vehumet
Wu Jian
Xom
Yredelemnul
Zin
The Shining One
Lugonu

Annotations:
D:7 Jeremiah
D:9 Erica


Innate Abilities, Weirdness & Mutations

You cannot be hasted, slowed, berserked, paralysed or teleported.
You can dig through walls and to a lower floor.
You have a pair of large antennae on your head. (SInv)
Your four strong arms can wield two-handed weapons with a shield.


Message History

You sock the shadow!
The shadow is severely damaged.
The shadow misses you.
You hit the shadow.
The shadow is almost destroyed.
The shadow hits you.
You thump the shadow!
You destroy the shadow!
Lugonu accepts your kill.
Your Fighting skill increases to level 6!
No target in view!
You start resting.
HP restored.
You see here a yak skeleton.
Found a radiant altar of Vehumet.
You see here a yak skeleton.
j - 3 potions of brilliance (gained 1)
Found an escape hatch in the ceiling.
You now have 456 gold pieces (gained 15).
There is an escape hatch in the ceiling here.
You sense a monster nearby.
Erica the Fiery-Tempered comes into view.
She is wielding a +3 scimitar of flaming.
Erica shouts!
Erica says, "I'm so much better than you."
Erica casts a spell at you. The bolt of poison hits you!!
You are poisoned.
You feel very sick.
You completely miss Erica.
You feel very sick.
Erica hits you with a +3 scimitar of flaming!
Erica burns you. Erica grabs you. Erica constricts you.
You sock Erica!
Erica is poisoned.
Erica is moderately wounded.
You feel very sick.
Erica hits you with a +3 scimitar of flaming!!
* * * LOW HITPOINT WARNING * * *
Erica burns you.
You die...
Erica begins burbling mirthfully and uncontrollably.

.........<.......................
.................................
.....................##.......##.
.....................#.........##
.......#......................#.#
........#.##.#.##................
........######.####.#..#.....#...
...... #....#######....##... ...
##..@..# #....####.. { ###.x..#
##..## ### #....# #....# # ##..##
##...## ### ##...# ##.## ###


You could see Erica (very poisoned).

Vanquished Creatures
  A two-headed ogre (D:9)
  A hornet (D:7)
  Sigmund (D:2)
  A shadow (D:9)
  A yak (D:9)
  A water moccasin (D:7)
  2 black bears
  2 sky beasts
  An ogre (D:5)
  A phantom (D:6)
  A scorpion (D:7)
  4 killer bees
  A howler monkey (D:4)
  2 jellies
  A bombardier beetle (D:4)
  Crazy Yiuf (D:2)
  4 hounds
  4 orc priests
  Ijyb (D:4)
  A sleepcap (D:4)
  2 orc wizards
  6 iguanas
  8 gnolls
  13 adders
  8 river rats (D:6)
  3 ribbon worms
  3 dart slugs
  15 orcs
  9 ball pythons
  5 endoplasms
  7 giant cockroaches
  6 goblins
  6 hobgoblins
  7 quokkas
  11 bats
  6 frilled lizards
  13 kobolds
  23 rats
183 creatures vanquished.

Notes
Turn   | Place    | Note
-------+----------+-------------------------------------------
     0 | D:1      | Minsecho the Formicid Fighter began the quest for the Orb.
     0 | D:1      | Reached XP level 1. HP: 18/18 MP: 1/1
    97 | D:1      | Reached XP level 2. HP: 24/24 MP: 2/2
   563 | D:1      | Reached XP level 3. HP: 29/29 MP: 3/3
  1009 | D:2      | Reached skill level 5 in Shields
  1014 | D:2      | Reached XP level 4. HP: 37/37 MP: 4/4
  1279 | D:2      | Identified the +9 hammer of Laceration {venom, Str+6}
  1286 | D:2      | Found a runed translucent door.
  1287 | D:2      | Noticed Crazy Yiuf
  1294 | D:2      | Killed Crazy Yiuf
  1295 | D:2      | Reached XP level 5. HP: 33/42 MP: 5/5
  1480 | D:2      | Noticed Sigmund
  1508 | D:2      | Killed Sigmund
  1509 | D:2      | Reached XP level 6. HP: 48/48 MP: 6/6
  1565 | D:2      | Reached skill level 1 in Stealth
  2099 | D:3      | Found a shimmering altar of Xom.
  2152 | D:3      | Found a faded altar of an unknown god.
  2339 | D:3      | Prayed at the altar of an unknown god.
  2339 | D:3      | Became a worshipper of Lugonu the Unformed
  2339 | D:3      | Reached * piety under Lugonu
  2376 | D:4      | Reached XP level 7. HP: 55/55 MP: 7/7
  2405 | D:4      | Reached skill level 1 in Dodging
  2415 | D:4      | Reached skill level 1 in Invocations
  2474 | D:4      | Reached skill level 5 in Armour
  2608 | D:4      | Found a shimmering blue altar of Sif Muna.
  2608 | D:4      | Found a glowing silver altar of Zin.
  2626 | D:4      | Noticed Ijyb
  2633 | D:4      | Killed Ijyb
  2716 | D:4      | Found a sparkling altar of Nemelex Xobeh.
  2767 | D:4      | Found a snail-covered altar of Cheibriados.
  3205 | D:4      | Found a white marble altar of Elyvilon.
  3237 | D:5      | Entered Level 5 of the Dungeon
  3386 | D:5      | Found a stormy altar of Qazlal.
  3389 | D:5      | Noticed a water elemental
  3389 | D:5      | Noticed an air elemental
  3389 | D:5      | Noticed a fire elemental
  3407 | D:5      | Reached skill level 5 in Maces & Flails
  3422 | D:5      | Reached XP level 8. HP: 50/61 MP: 9/9
  3520 | D:5      | Found a staircase to the Ecumenical Temple.
  3532 | Temple   | Entered the Ecumenical Temple
  3638 | D:5      | Found an ancient bone altar of Kikubaaqudgha.
  3662 | D:5      | Identified the +0 dagger of the Queen {spect, *Noise rF+
                  | rCorr Int+3}
  4246 | D:6      | Reached ** piety under Lugonu
  4577 | D:6      | Reached skill level 5 in Fighting
  4610 | D:6      | Reached *** piety under Lugonu
  4922 | D:6      | Reached XP level 9. HP: 68/68 MP: 11/11
  5217 | D:7      | Identified the +0 robe of Hahein {rN+ MP+9}
  5467 | D:7      | Noticed a hornet
  5472 | D:7      | Noticed an unseen horror
  5474 | D:7      | Noticed Jeremiah
  5477 | D:7      | Killed a hornet
  5479 | D:7      | Noticed a two-headed ogre
  5480 | D:7      | Noticed a troll
  5481 | D:7      | Noticed a troll
  5483 | D:7      | Noticed a gargoyle
  5486 | D:7      | You fall into a shaft and drop 2 floors!
  5597 | D:9      | Noticed a two-headed ogre
  5606 | D:9      | Killed a two-headed ogre
  5607 | D:9      | Reached skill level 5 in Invocations
  5923 | D:9      | Reached skill level 1 in Evocations
  5923 | D:9      | Reached XP level 10. HP: 52/76 MP: 14/14
  6122 | D:9      | Found a shadowy altar of Dithmenos.
  6189 | D:9      | Found a radiant altar of Vehumet.
  6252 | D:9      | Noticed Erica
  6256 | D:9      | Slain by Erica

Illustrated notes

Levels and vault maps discovered:
D:1:      amcnicky_arrival_abandoned_market, layout_basic, serial_rivers,
          chequers_serial_rivers_micro_b, chequers_serial_rivers_small_3,
          chequers_serial_rivers_small_a, chequers_serial_rivers_micro_c,
          kennysheep_decorative_pillar, st_stairs_2,
          nicolae_figureground_sparkle
D:2:      minmay_evil_eye, layout_basic, minmay_vboxes, uniq_crazy_yiuf_cottage,
          uniq_sigmund
D:3:      minmay_chambers_of_threes, layout_loops_cross, xom_teletrap_fun,
          ebering_ecumenical_altar_abandoned
D:4:      layout_loops_cross, mainiacjoe_overflow_concentric_impassable,
          gammafunk_temple_overflow_pools, nicolae_elyvilon_temple_path,
          cheibriados_altar_1, uniq_ijyb
D:5:      layout_loops_ring, kiku_gazebo_pond_becter,
          nicolae_qazlal_style_of_elements, minmay_temple_entry_proselytizer
D:6:      lemuel_ratsnest, layout_basic, st_stairs_11,
          kennysheep_cross_bottleneck
D:7:      minmay_the_grid_octo_triangle [minmay_the_grid_octo_vomiting_pacman,
          minmay_the_grid_octo_prize_ultimate_mussel_roller,
          minmay_the_grid_octo_checkerflower], layout_basic,
          palyth_stone_intersect, uniq_jeremiah
D:9:      layout_cross, marbit_many_paths, grunt_dithmenos_shadows, uniq_erica
Temple:   minmay_temple_curvy_loop

Skill      XL: |  1  2  3  4  5  6  7  8  9 10 |
---------------+-------------------------------+-----
Shields        | 5 6 |  6.8
Maces & Flails | 3 4 5 6 7 |  7.9
Armour         | 4 5 6 7 |  7.6
Fighting       | 4 5 6 |  6.0
Stealth        | 1 |  1.7
Dodging        | 1 2 3 |  3.2
Invocations    | 2 3 5 |  5.9
Evocations     | 1 |  1.3

Action                     |  1- 3 |  4- 6 |  7- 9 | 10-12 || total
---------------------------+-------+-------+-------+-------++-------
  Melee: Flail             |    69 |    30 |       |       ||    99
         Mace              |       |    85 |   214 |    13 ||   312
Ability: Shaft Self        |       |       |     1 |       ||     1
  Evoke: Wand              |       |       |    10 |     2 ||    12
    Use: Scroll            |     1 |     3 |       |       ||     4
         Potion            |       |       |     3 |       ||     3
 Armour: Scale mail        |    51 |    77 |   134 |     9 ||   271
  Dodge: Dodged            |    31 |    58 |   111 |     2 ||   202
  Block: Buckler           |    23 |    36 |    49 |     2 ||   110
